 Dungeon Crawl Stone Soup version 0.19.0-19-g8c6edcc (webtiles) character file.

109 lorenzova the Skirmisher (level 4, -1/38 HPs)
             Began as a Merfolk Skald on Nov 15, 2016.
             Slain by a gnoll
             ... wielding a +0 spear
              (2 damage)
             ... on level 2 of the Dungeon.
             The game lasted 00:04:04 (1946 turns).

lorenzova the Skirmisher (Merfolk Skald)            Turns: 1946, Time: 00:04:04

Health: -1/38      AC:  3    Str: 13    XL:     4   Next: 89%
Magic:  0/7        EV: 13    Int: 11    God:
Gold:   71         SH:  0    Dex: 13    Spells: 3 memorised, 2 levels left

rFire  . . .     SeeInvis .     l - +0 spear (flame)
rCold  . . .     Gourm    .     b - +0 leather armour
rNeg   . . .     Faith    .     (no shield)
rPois  .         Spirit   .     (no helmet)
rElec  .         Reflect  .     (no cloak)
rCorr  .         Harm     .     (no gloves)
MR     .....                    (no boots)
Stlth  +.........               (no amulet)
                                (no ring)
                                (no ring)

@: infused, singing, very slightly contaminated
A: change form in water, swift swim, stealthy swim
a: Stop Singing


You were on level 2 of the Dungeon.
You were not hungry.

You visited 1 branch of the dungeon, and saw 2 of its levels.

You collected 71 gold pieces.

Inventory:

Hand Weapons
 a - a +0 spear
 l - a +0 spear of flaming (weapon)
Armour
 b - a +0 leather armour (worn)
Scrolls
 g - a scroll of enchant weapon {unknown}
 j - a scroll of noise {unknown}
 k - 4 scrolls of teleportation {unknown}
 m - a scroll of amnesia {unknown}
 n - a scroll of blinking {unknown}
 q - a scroll of identify {unknown}
Potions
 e - a potion of might {unknown}
 f - a potion of lignification {unknown}
 h - a potion of cure mutation {unknown}
 p - a potion of berserk rage {unknown}
 r - a potion of degeneration {unknown}
Books
 c - a book of Battle

   Spells                             Type                      Level
   a - Infusion                       Charms                       1
   b - Shroud of Golubria             Charms/Translocation         2
   c - Song of Slaying                Charms                       2
   d - Spectral Weapon                Hexes/Charms                 3
   e - Regeneration                   Charms/Necromancy            3
Comestibles
 d - a bread ration
 i - a meat ration
 o - 4 chunks of flesh


   Skills:
 * Level 4.3 Fighting
 - Level 3.0 Polearms
 - Level 0.6 Armour
 * Level 3.4 Dodging
 + Level 2.2 Spellcasting
 + Level 3.4 Charms


You had 2 spell levels left.
You knew the following spells:

 Your Spells              Type           Power        Failure   Level  Hunger
a - Infusion              Chrm           #...         12%         1    ##.....
b - Song of Slaying       Chrm           #.......     17%         2    ###....
c - Shroud of Golubria    Chrm/Tloc      #.........   30%         2    ###....


Dungeon Overview and Level Annotations

Branches:
Dungeon (2/15)

Altars:

Annotations:
D:2 1 runed door


Message History

The gnoll barely misses you.
You completely miss the gnoll.
The gnoll is severely wounded.
The gnoll hits you with a flail!
You hit the gnoll. You burn the gnoll.
You kill the gnoll!
You hit the gnoll. You burn the gnoll.
The gnoll is severely wounded.
The gnoll misses you.
You barely miss the gnoll.
The gnoll is severely wounded.
The gnoll misses you.
The gnoll hits you from afar with a spear!
* * * LOW HITPOINT WARNING * * *
You barely miss the gnoll.
The gnoll is severely wounded.
The gnoll hits you with a whip.
* * * LOW HITPOINT WARNING * * *
The gnoll hits you from afar with a spear.
You die...

#.# #.########.
#.# #.# #. #.#
####.# #. ..#
#....# #' ###
#.#### ## #.###
#†#.##
.##.#######....###
.....gg@.........#
.##.#####.#.....##
#.#.#.#.# #+#
#.#.###.# ♣♣.♣
#.#...#.# ♣.♣♣
#.###.#.# ♣♣.♣ #.#
#.#.# ♣.♣♣
#.###.#.# ♣♣.♣♣
#.......## ♣.PP♣


You could see 2 gnolls.

Vanquished Creatures
  Robin (D:2)
  3 adders (D:2)
  A gnoll (D:2)
  A worm (D:2)
  A dart slug (D:2)
  4 leopard geckos
  A bat (D:2)
  2 giant cockroaches (D:1)
  15 goblins
  5 hobgoblins
  4 jackals (D:2)
  2 kobolds
  A ball python (D:2)
  4 frilled lizards
  7 rats
52 creatures vanquished.

Notes
Turn   | Place    | Note
-------+----------+-------------------------------------------
     0 | D:1      | lorenzova the Merfolk Skald began the quest for the Orb.
     0 | D:1      | Reached XP level 1. HP: 16/16 MP: 3/3
   228 | D:1      | Reached XP level 2. HP: 19/23 MP: 5/5
   609 | D:1      | Reached skill level 3 in Fighting
   721 | D:2      | Reached XP level 3. HP: 25/29 MP: 2/6
  1213 | D:2      | Noticed Robin
  1361 | D:2      | Reached XP level 4. HP: 31/37 MP: 7/7
  1366 | D:2      | Reached skill level 4 in Fighting
  1393 | D:2      | Learned a level 2 spell: Song of Slaying
  1396 | D:2      | Learned a level 2 spell: Shroud of Golubria
  1461 | D:2      | Killed Robin
  1756 | D:2      | Found a runed door.
  1946 | D:2      | HP: 1/38 [gnoll/whip (4)]
  1946 | D:2      | Slain by a gnoll

Skill      XL: |  1  2  3  4 |
---------------+-------------+-----
Dodging        | 2 3 |  3.4
Fighting       | 3 4 |  4.3
Polearms       | |  3.0
Armour         | |  0.6
Spellcasting   | |  2.2
Charms         | |  3.4

Action                   |  1- 3 |  4- 6 || total
-------------------------+-------+-------++-------
Melee: Spear             |   136 |    95 ||   231
 Cast: Infusion          |     1 |     2 ||     3
       Song of Slaying   |       |     1 ||     1
 Stab: Sleeping          |     1 |       ||     1
  Eat: Chunk             |     2 |     2 ||     4
Armor: Leather armour    |    27 |     8 ||    35
Dodge: Dodged            |    72 |    53 ||   125
